 Dungeon Crawl Stone Soup version 0.29.0-7-g18a832c13a (webtiles) character file.

Game seed: 9102433228429246566

805 SensoryNuts the Slasher (level 7, -9/61 HPs)
             Began as a Minotaur Fighter on Aug 31, 2022.
             Mangled by Menkaure (21 damage)
             ... on level 4 of the Dungeon.
             The game lasted 00:03:45 (4267 turns).

SensoryNuts the Slasher (Minotaur Fighter)          Turns: 4267, Time: 00:03:46

Health: -9/61      AC:  8    Str: 19 (21) XL:     7   Next: 60%
Magic:  6/6        EV:  9    Int:  2 (5)  God:
Gold:   181        SH:  5    Dex: 10 (11) Spells: 6/6 levels left

rFire   . . .      SeeInvis .   a - +1 long sword
rCold   . . .      Faith    .   c - +1 buckler
rNeg    . . .      Spirit   .   b - +0 scale mail
rPois   .          Reflect  .   (helmet restricted)
rElec   .          Harm     .   o - +0 cloak
rCorr   .          Rampage  .   (no gloves)
Will    .....                   (no boots)
Stlth   ..........              (no amulet)
HPRegen 0.20/turn               t - ring of flight
MPRegen 0.10/turn               (no ring)

@: attractive, flying
A: horns 2, retaliatory headbutt
a: no special abilities


You were on level 4 of the Dungeon.
You visited 1 branch of the dungeon, and saw 4 of its levels.
You also visited: Sewer.

You collected 181 gold pieces.

Inventory:

Hand Weapons
 a - a +1 long sword (weapon)
Armour
 b - a +0 scale mail (worn)
 c - a +1 buckler (worn)
 o - a +0 cloak (worn)
Jewellery
 h - a ring of positive energy
 t - a ring of flight (left hand)
Wands
 j - a wand of flame (20)
 p - a wand of polymorph (6)
 s - a wand of charming (7)
Scrolls
 f - a scroll of noise
 g - 2 scrolls of fear
 i - 3 scrolls of butterflies
 m - a scroll of teleportation
 u - a scroll of enchant armour
Potions
 d - a potion of heal wounds
 e - a potion of cancellation
 k - a potion of haste
 l - a potion of flight


   Skills:
 + Level 5.6 Fighting
 * Level 7.7 Long Blades
 + Level 5.7 Armour
 + Level 1.7 Dodging
 + Level 0.2 Stealth
 + Level 4.4 Shields
 + Level 0.1 Unarmed Combat


You had 6 spell levels left.
You didn't know any spells.
Your spell library contained the following spells:

 Spells                   Type           Power      Damage    Failure   Level
 Apportation              Tloc           0%         N/A       93%         1
 Necrotise                Necr           0%         1d4       93%         1
 Summon Small Mammal      Summ           0%         N/A       93%         1
 Poisonous Vapours        Pois/Air       0%         N/A       98%         2
 Tukima's Dance           Hex            0%         N/A       100%        3
 Corpse Rot               Necr/Pois/Air  0%         N/A       100%        4
 Passage of Golubria      Tloc           0%         N/A       100%        4
 Yara's Violent Unravell  Hex/Tmut       0%         3d3       100%        5


Dungeon Overview and Level Annotations

Branches:
Dungeon (4/15)              Sewer (visited)
 Temple: D:4-7

Altars:

Annotations:
D:4 Menkaure


Innate Abilities, Weirdness & Mutations

You have a pair of horns on your head.
You reflexively headbutt those who attack you in melee.


Message History

Found a stone staircase leading down.
Menkaure, Prince of Dust comes into view.
Menkaure is nearby!
Menkaure is nearby!
Menkaure is nearby!
Found 14 gold pieces.
Menkaure shouts!
Menkaure barely misses you.
It was a potion of attraction.
You feel attractive to monsters.
You barely miss Menkaure. Menkaure hits you.
You hit Menkaure.
Menkaure is lightly damaged.
Menkaure casts a spell.
Menkaure seems to speed up.
You barely miss Menkaure. Your headbutt misses Menkaure.
Menkaure is lightly damaged.
Menkaure hits you!
You barely miss Menkaure. You headbutt Menkaure!
Menkaure is heavily damaged.
Menkaure murmurs a few words.
Menkaure hits you! Menkaure hits you.
You hit Menkaure.
Menkaure is severely damaged.
Menkaure points at you and mumbles some strange words.
Pain shoots through your body!
You hit Menkaure but do no damage.
Menkaure is severely damaged.
Menkaure misses you. You furiously retaliate!
You headbutt Menkaure! You hit Menkaure.
Menkaure is almost destroyed.
You block Menkaure's attack.
It was a potion of degeneration.
There was something very wrong with that liquid.
You feel weakened.
You feel dopey.
You feel clumsy.
Menkaure calls on the powers of darkness!
Your body is wracked with pain!
* * * LOW HITPOINT WARNING * * *
Menkaure hits you!!
You die...

##### #...#
############...########
.......................
########........####.
#>#.######.# #.#.# #.#
#...## #@# #....##
#.M$..... ########
#.....############
#......# #.#.........#
######.####.#
#.###...###.###....#.#
#.# #.
#........##....#.# #.#
#.
####..#...#....#.####.#
..####)#.#.'....'.......
#........###....#.######


You could see Menkaure (fast).

Vanquished Creatures
  Edmund (D:4)
  Pargi (Sewer)
  An ogre (D:4)
  Blork the orc (D:4)
  2 scorpions
  A necrophage (D:4)
  2 orc priests (D:3)
  Jessica (D:3)
  Ijyb (D:3)
  A gnoll (D:1)
  7 adders
  2 worms (D:2)
  8 orcs
  4 endoplasms
  6 giant cockroaches
  11 goblins
  11 hobgoblins
  3 jackals (Sewer)
  9 kobolds
  2 quokkas (D:2)
  3 ball pythons
  4 bats
  A frilled lizard (D:1)
  5 rats
88 creatures vanquished.

Notes
Turn   | Place    | Note
-------+----------+-------------------------------------------
     0 | D:1      | SensoryNuts the Minotaur Fighter began the quest for the
                  | Orb.
     0 | D:1      | Reached XP level 1. HP: 19/19 MP: 0/0
   111 | D:1      | Reached XP level 2. HP: 8/28 MP: 1/1
   724 | D:1      | Reached XP level 3. HP: 27/34 MP: 2/2
  1166 | D:2      | Reached skill level 3 in Long Blades
  1341 | D:2      | Reached XP level 4. HP: 26/41 MP: 3/3
  1544 | D:2      | Noticed a scorpion
  1553 | D:2      | Killed a scorpion
  1554 | D:2      | Reached skill level 5 in Fighting
  1554 | D:2      | Reached skill level 4 in Long Blades
  1581 | D:2      | Reached XP level 5. HP: 48/48 MP: 4/4
  2135 | D:3      | Found a glowing drain.
  2144 | D:3      | Found a faded altar of an unknown god.
  2161 | Sewer    | Entered a sewer
  2205 | Sewer    | Reached skill level 1 in Dodging
  2256 | Sewer    | Noticed Pargi
  2270 | Sewer    | Killed Pargi
  2271 | Sewer    | Reached skill level 5 in Long Blades
  2271 | Sewer    | Reached XP level 6. HP: 40/56 MP: 5/5
  2636 | D:3      | Noticed Jessica
  2653 | D:3      | Killed Jessica
  3040 | D:3      | Identified the +1 dagger of Dismemberment {vorpal, rElec
                  | rCorr Int+4 Dex-5}
  3121 | D:3      | Reached skill level 6 in Long Blades
  3154 | D:3      | Noticed Ijyb
  3169 | D:3      | Killed Ijyb
  3494 | D:4      | Reached skill level 5 in Armour
  3518 | D:4      | Reached XP level 7. HP: 42/61 MP: 6/6
  3649 | D:4      | Noticed Edmund
  3662 | D:4      | Killed Edmund
  3663 | D:4      | Reached skill level 7 in Long Blades
  3938 | D:4      | Noticed Blork the orc
  3950 | D:4      | Killed Blork the orc
  4257 | D:4      | Noticed Menkaure
  4267 | D:4      | Mangled by Menkaure

Illustrated notes

Levels and vault maps discovered:
D:1:      lemuel_arrival_tunnels, layout_basic
D:2:      layout_rooms, grunt_ministairs_7
D:3:      layout_basic, basic_ecumenical_altar, serial_aquarium,
          aquarium_bridge_square [aquarium_subvault_bridge,
          aquarium_subvault_bridge, aquarium_subvault_wall,
          aquarium_subvault_balcony], aquarium_window_fake,
          aquarium_window_corridor_3, aquarium_view_2c, aquarium_view_2d,
          gup_sewer_entry_glass, uniq_jessica, uniq_ijyb
D:4:      layout_basic, grunt_temple_overflow_cloverleaf, uniq_blork_the_orc,
          uniq_menkaure, uniq_edmund

Skill      XL: |  1  2  3  4  5  6  7 |
---------------+----------------------+-----
Fighting       | 4 5 |  5.6
Long Blades    | 3 4 5 6 7 |  7.7
Armour         | 4 5 |  5.7
Shields        | 4 |  4.4
Dodging        | 1 |  1.7
Stealth        | |  0.2
Unarmed Combat | |  0.1

Action                   |  1- 3 |  4- 6 |  7- 9 || total
-------------------------+-------+-------+-------++-------
Melee: Long sword        |    97 |   115 |    36 ||   248
       Headbutt          |     5 |    26 |     5 ||    36
       Unarmed           |       |     2 |       ||     2
  Use: Scroll            |     2 |     9 |       ||    11
       Potion            |     2 |     5 |     2 ||     9
Armor: Scale mail        |    48 |    66 |     5 ||   119
Dodge: Dodged            |    55 |    59 |     8 ||   122
Block: Buckler           |    30 |    35 |     8 ||    73
